 Dungeon Crawl Stone Soup version 0.31-a0-210-gccc998df9b (webtiles) character file.

Game seed: 13297837591422984953

59 Anon1729 the Trooper (level 3, -2/33 HPs)
             Began as a Minotaur Monk on June 30, 2023.
             Slain by Terence
             ... wielding a +0 flail
              (12 damage)
             ... on level 2 of the Dungeon.
             The game lasted 00:00:24 (773 turns).

Anon1729 the Trooper (Minotaur Monk)                 Turns: 773, Time: 00:00:25

Health: -2/33      AC:  2    Str: 15    XL:     3   Next: 78%
Magic:  2/2        EV: 13    Int:  7    God:
Gold:   57         SH:  0    Dex: 14    Spells: 2/2 levels left

rFire   . . .        a - +0 short sword
rCold   . . .        d - orb {light}
rNeg    . . .        b - +0 robe
rPois   .            (helmet restricted)
rElec   .            (no cloak)
rCorr   .            (no gloves)
SInv    .            (no boots)
Will    .....        (no amulet)
Stlth   +            (no ring)
HPRegen 0.25/turn    (no ring)
MPRegen 0.08/turn

%: no passive effects
@: confused, ambrosia-drunk, glowing
A: horns 2, retaliatory headbutt
a: no special abilities


You were on level 2 of the Dungeon.
You visited 1 branch of the dungeon, and saw 2 of its levels.

You collected 57 gold pieces.

Inventory:

Hand Weapons
 a - a +0 short sword (weapon)
Armour
 b - a +0 robe (worn)
 d - an orb of light (worn)
Wands
 j - a wand of flame (14)
Scrolls
 e - 2 scrolls of brand weapon {unknown}
 g - a scroll of poison {unknown}
 h - a scroll of teleportation {unknown}
 i - a scroll of torment {unknown}
Potions
 f - a potion of enlightenment {unknown}


   Skills:
 + Level 4.1 Fighting
 + Level 3.7 Short Blades
 + Level 1.6 Armour
 + Level 3.7 Dodging
 + Level 1.2 Invocations


You had 2 spell levels left.
You didn't know any spells.
Your spell library was empty.

Dungeon Overview and Level Annotations

Branches:
Dungeon (2/15)

Altars:

Annotations:
D:2 Terence


Innate Abilities, Weirdness & Mutations

You have a pair of horns on your head.
You reflexively headbutt those who attack you in melee.


Message History

You hit Terence but do no damage.
Terence is lightly wounded.
Terence barely misses you.
You hit Terence but do no damage.
Terence is lightly wounded.
Terence barely misses you.
You hit Terence but do no damage. You headbutt Terence, but do no damage.
Terence is lightly wounded.
Terence barely misses you. You furiously retaliate!
You headbutt Terence. You hit Terence. You headbutt Terence.
Terence is severely wounded.
You hit Terence but do no damage.
Terence is severely wounded.
Terence hits you with a +0 flail.
You hit Terence but do no damage.
Terence is severely wounded.
Terence says, "Time to say good-bye..."
Terence hits you with a +0 flail.
You are too injured to fight recklessly!
You are too injured to fight recklessly!
You are too injured to fight recklessly!
You are too injured to fight recklessly!
You are too injured to fight recklessly!
You are too injured to fight recklessly!
You are too injured to fight recklessly!
You are too injured to fight recklessly!
You hit Terence but do no damage.
Terence is severely wounded.
Terence hits you with a +0 flail.
* * * LOW HITPOINT WARNING * * *
You hit Terence but do no damage.
Terence is severely wounded.
Terence barely misses you.
You are confused.
You feel invigorated. Terence hits you with a +0 flail.
* * * LOW HITPOINT WARNING * * *
You're too confused to move!
Terence hits you with a +0 flail.
* * * LOW HITPOINT WARNING * * *
You're too confused to move!
Terence hits you with a +0 flail!
You die...

........#)#.## #
#.#..........##.# .##
..#.###.#.#..##.##..
.................#.####.
..............#.........
##............##........
##..###.###...##........
##..###.###...##.......<
).............?)@@......
##..###.###..###.#.##.##
.......)...... ......
....###.###.####.#.##.#
##..... ... ...... ..
....... ##. #.# ### #
##...## #. #.# #...# #.#
.#


You could see Terence.

Vanquished Creatures
  Jessica (D:2)
  A gnoll (D:1)
  A dart slug (D:1)
  3 ball pythons
  2 bats (D:2)
  3 endoplasms (D:1)
  A hobgoblin (D:1)
  2 quokkas (D:1)
  A frilled lizard (D:1)
  2 goblins
  3 kobolds
  2 rats
22 creatures vanquished.

Notes
Turn   | Place    | Note
-------+----------+-------------------------------------------
     0 | D:1      | Anon1729 the Minotaur Monk began the quest for the Orb.
     0 | D:1      | Reached XP level 1. HP: 19/19 MP: 0/0
    25 | D:1      | Reached XP level 2. HP: 15/27 MP: 1/1
   219 | D:1      | Reached skill level 1 in Armour
   615 | D:2      | Reached skill level 1 in Invocations
   629 | D:2      | Reached skill level 4 in Fighting
   708 | D:2      | Reached XP level 3. HP: 33/33 MP: 2/2
   738 | D:2      | Noticed Jessica
   742 | D:2      | Killed Jessica
   755 | D:2      | Noticed Terence
   773 | D:2      | Slain by Terence

Illustrated notes

Levels and vault maps discovered:
D:1:      mrwooster_arrival_statue_3, layout_rooms, serial_glass,
          glass_columns_b, glass_columns_b, minmay_strange_pillars,
          due_unseen_surprise, st_stairs_12
D:2:      layout_basic, grunt_ministairs_9, minmay_misc_feat_rows, uniq_jessica,
          uniq_terence, uniq_crazy_yiuf_cottage

Skill      XL: |  1  2 |
---------------+-------+-----
Armour         | 1 |  1.6
Invocations    | 1 |  1.2
Fighting       | 4 |  4.1
Short Blades   | |  3.7
Dodging        | |  3.7

Action                     || total
---------------------------++-------
  Melee: Short sword       ||    57
         Headbutt          ||    11
    Use: Potion            ||     1
 Armour: Robe              ||     4
  Dodge: Dodged            ||    36

Table legend: (Time is in decaauts)
 A = Elapsed time spent in this place.
 B = Non-inter-level travel time spent in this place.
 C = Inter-level travel time spent in this place.
 D = Time resting spent in this place.
 E = Time spent auto-exploring this place.
 F = Levels seen in this place.
 G = Mean time per level.
                   A        B        C        D        E       F      G
               +--------+--------+--------+--------+--------+-----+--------+
         Total |    763 |    746 |     17 |      0 |    622 |   2 |  381.5 |
       Dungeon |    763 |    746 |     17 |      0 |    622 |   2 |  381.5 |
               +--------+--------+--------+--------+--------+-----+--------+

Top non-repeatable levels by time:
     D:1: 600 daAuts
     D:2: 163 daAuts
